[Event "The Elitserien 2024/25: round 1 - 3"]
[Site "Scandic Infra City, Kanalvagen 10, Upplands Vasby, Sweden"]
[Date "2024.10.04"]
[Round "1.1"]
[White "Sivuk, Vitaly"]
[Black "Hauge, Lars Oskar"]
[Result "1-0"]
[TimeControl "90 minutes for 40 moves + 30 minutes for the rest of the game + 30 seconds per move from move one."]
[WhiteTitle "GM"]
[BlackTitle "GM"]
[WhiteFideId "14116502"]
[BlackFideId "1509276"]
[WhiteElo "2526"]
[BlackElo "2484"]

1. d4 Nf6 2. c4 e6 3. Nc3 d5 4. cxd5 exd5 5. Bg5 Be7 6. e3 O-O 7. Bd3 Re8 8. Nf3 h6 9. Bf4 c5 10.
dxc5 Bxc5 11. O-O Nc6 12. h3 d4 13. Na4 Bd6 14. Bxd6 Qxd6 15. Bb5 Bd7 16. Rc1 Qb4 17. Nxd4 Nxd4 18.
Bxd7 Red8 19. a3 Qe7 20. Qxd4 Rxd7 21. Qc5 Qxc5 22. Nxc5 Rd2 23. Rb1 Rc8 24. Nb3 Rd3 25. Nd4 Ne4 26.
Rfd1 Rxd1+ 27. Rxd1 a6 28. Kf1 g6 29. g4 Kf8 30. Ke2 Ke7 31. h4 Rc5 32. f3 Nd6 33. a4 Rc7 34. b3 Rc5 35.
Kd2 h5 36. g5 Rd5 37. Ke2 Rc5 38. e4 b5 39. Ra1 a5 40. Kd3 b4 41. Ne2 Nb7 42. Rc1 Kd6 43. Rxc5 Kxc5 44. Nf4 Nd8 45.
Ke3 Nc6 46. Nd3+ Kd6 47. f4 Ke6 48. Nb2 Kd6 49. Nc4+ Kc5 50. Kd3 Nd4 51. Nxa5 Nf3 52. Ke3 Nxh4 53. Kf2 1-0

[Event "The Elitserien 2024/25: round 1 - 3"]
[Site "Scandic Infra City, Kanalvagen 10, Upplands Vasby, Sweden"]
[Date "2024.10.04"]
[Round "1.2"]
[White "Lokander, Martin"]
[Black "Peng, Li Min"]
[Result "1/2-1/2"]
[TimeControl "90 minutes for 40 moves + 30 minutes for the rest of the game + 30 seconds per move from move one."]
[WhiteTitle "IM"]
[BlackTitle "GM"]
[WhiteFideId "1709569"]
[BlackFideId "14112620"]
[WhiteElo "2469"]
[BlackElo "2514"]

1. d4 Nf6 2. c4 e6 3. Nf3 d5 4. Nc3 c5 5. cxd5 cxd4 6. Qxd4 exd5 7. e4 dxe4 8. Qxd8+ Kxd8 9. Ng5 Be6 10.
Nxe6+ fxe6 11. Bg5 h6 12. O-O-O+ Ke7 13. Bxf6+ gxf6 14. Nxe4 Bg7 1/2-1/2

[Event "The Elitserien 2024/25: round 1 - 3"]
[Site "Scandic Infra City, Kanalvagen 10, Upplands Vasby, Sweden"]
[Date "2024.10.04"]
[Round "1.3"]
[White "Galperin, Platon"]
[Black "Georgiadis, Nico"]
[Result "0-1"]
[TimeControl "90 minutes for 40 moves + 30 minutes for the rest of the game + 30 seconds per move from move one."]
[WhiteTitle "GM"]
[BlackTitle "GM"]
[WhiteFideId "14165414"]
[BlackFideId "1300113"]
[WhiteElo "2518"]
[BlackElo "2510"]

1. e4 c5 2. Nf3 d6 3. Nc3 Nf6 4. Bb5+ Bd7 5. Qe2 e5 6. a4 Be7 7. d3 h6 8. Nd2 O-O 9. Bxd7 Qxd7 10.
Nc4 Nc6 11. Ne3 Bd8 12. g4 Ba5 13. h4 Nd4 14. Qd1 h5 15. gxh5 d5 16. Kf1 Bxc3 17. bxc3 Ne6 18. Qf3 dxe4 19.
dxe4 Nf4 20. Nf5 N4xh5 21. Bg5 g6 22. Rg1 Qe6 23. Bxf6 Nxf6 24. Ne3 Kh7 25. Rg5 Rad8 26. Kg2 Nh5 27.
Rh1 Nf4+ 28. Kg3 f6 29. Rg4 Rd2 30. Kh2 Qc6 31. Rhg1 f5 32. Rxg6 Nxg6 33. Qh5+ Kg7 34. Nxf5+ Rxf5 35. exf5 Rxf2+ 36. Kg3 Rg2+ 0-1

[Event "The Elitserien 2024/25: round 1 - 3"]
[Site "Scandic Infra City, Kanalvagen 10, Upplands Vasby, Sweden"]
[Date "2024.10.04"]
[Round "1.4"]
[White "Westerberg, Jonathan"]
[Black "Miezis, Normunds"]
[Result "0-1"]
[TimeControl "90 minutes for 40 moves + 30 minutes for the rest of the game + 30 seconds per move from move one."]
[WhiteTitle "GM"]
[BlackTitle "GM"]
[WhiteFideId "1701754"]
[BlackFideId "11600136"]
[WhiteElo "2469"]
[BlackElo "2417"]

1. e4 c5 2. Nf3 e6 3. c3 d5 4. exd5 exd5 5. Bb5+ Nc6 6. Qe2+ Be6 7. d4 Nf6 8. O-O Bd6 9. Bg5 O-O 10.
Nbd2 cxd4 11. cxd4 Bg4 12. Bxc6 bxc6 13. Qd3 h6 14. Bh4 Re8 15. Rae1 Rxe1 16. Rxe1 Bxf3 17. Nxf3 g5 18. Bg3 Bxg3 19.
hxg3 Ne4 20. Re2 Qd6 21. Nh2 Rb8 22. a3 a5 23. Nf1 Qf6 24. g4 a4 25. f3 Rb3 26. Qd1 Nd6 27. Ng3 Kf8 28.
Nh5 Qg6 29. Qe1 Qd3 30. Kh2 Qxd4 31. Qa5 Qb6 32. Qa8+ Qb8 33. Qxc6 d4 34. Kh3 d3 35. Rd2 Ke7 36. Qd5 Qb5 37.
Qd4 Qc4 38. Qe3+ Qe6 39. Qa7+ Rb7 40. Qxa4 Qe1 41. Qd1 Qh4# 0-1

[Event "The Elitserien 2024/25: round 1 - 3"]
[Site "Scandic Infra City, Kanalvagen 10, Upplands Vasby, Sweden"]
[Date "2024.10.04"]
[Round "1.5"]
[White "Poley, Vladimir"]
[Black "Lissang, Christopher"]
[Result "0-1"]
[TimeControl "90 minutes for 40 moves + 30 minutes for the rest of the game + 30 seconds per move from move one."]
[WhiteTitle "IM"]
[BlackTitle "FM"]
[WhiteFideId "13500090"]
[BlackFideId "1709615"]
[WhiteElo "2275"]
[BlackElo "2332"]

1. Nf3 Nf6 2. g3 d5 3. Bg2 c6 4. O-O Bg4 5. Ne5 Bf5 6. c4 Nbd7 7. d4 e6 8. cxd5 exd5 9. Nd3 Be7 10.
Nc3 O-O 11. f3 Nb6 12. Nf2 c5 13. e3 h6 14. Ne2 Bh7 15. b3 Re8 16. Bd2 a5 17. Nf4 a4 18. Re1 c4 19. Bc3 Qc7 20.
bxc4 Nxc4 21. e4 g5 22. Nxd5 Nxd5 23. exd5 Nb6 24. Rc1 Nxd5 25. Ba1 Qa5 26. Re5 f6 27. Bc3 Qd8 28. Rxd5 Qxd5 29.
f4 Qxa2 30. Bxb7 Ra7 31. Qf3 Rd8 32. Re1 Qf7 33. Ng4 Bf8 34. Bd5 Rxd5 35. Qxd5 Kg7 36. Qxf7+ Kxf7 37. fxg5 hxg5 38. d5 Bc5+ 39.
Kg2 Ra6 40. Re6 Rxe6 41. dxe6+ Kxe6 42. Nxf6 Bd3 43. h4 Be3 44. Bb2 Bc5 45. hxg5 a3 46. Bxa3 Bxa3 47. Kf3 Kf5 48. Ke3 Bb1 49.
Kf3 Bc1 50. Kf2 Bxg5 51. Nd5 Bd3 52. Ne3+ Ke4 53. Ng4 Bc4 54. Kg2 Be6 55. Nf2+ Ke3 56. Nh3 Bd5+ 57. Kh2 Bf6 58. Nf4 Be4 59.
Nh5 Be5 60. Nf4 Kf3 61. Kh3 Bf5 62. Kh4 Bf6+ 63. Kh5 Kxg3 64. Nd5 Bd8 65. Kh6 Be4 66. Nc3 Bc6 67. Ne2+ Kg4 68. Nd4 Bd7 69.
Kg6 Bb6 70. Ne2 Bb5 71. Nc3 Bc4 72. Kh6 Kf4 73. Kh5 Ke3 74. Kg4 Kd3 75. Nd1 Bb3 76. Nb2+ Kc2 77. Nc4 Bxc4 0-1

[Event "The Elitserien 2024/25: round 1 - 3"]
[Site "Scandic Infra City, Kanalvagen 10, Upplands Vasby, Sweden"]
[Date "2024.10.04"]
[Round "1.6"]
[White "Thorn, Eric"]
[Black "Gajic, Mladen"]
[Result "1-0"]
[TimeControl "90 minutes for 40 moves + 30 minutes for the rest of the game + 30 seconds per move from move one."]
[WhiteTitle "FM"]
[BlackTitle "FM"]
[WhiteFideId "1710729"]
[BlackFideId "1709178"]
[WhiteElo "2351"]
[BlackElo "2294"]

1. d4 Nf6 2. c4 c5 3. d5 e6 4. Nc3 exd5 5. cxd5 d6 6. Nf3 g6 7. Nd2 Bg7 8. e4 O-O 9. Be2 Re8 10.
O-O Na6 11. Re1 Nc7 12. a4 b6 13.
Bf3 Nd7 14. Nc4 Ne5 15. Be2 Ba6 16. Ne3 c4 17. Nc2 Qc8 18. Be3 b5 19. axb5 Nxb5 20. Nxb5 Bxb5 21. Nd4 a6 22. f3 Qb7 23.
Qd2 Bd7 24. Rec1 Rec8 25. Ra2 h5 26. h3 Bb5 27. Rca1 Rab8 28. Ra5 Bf6 29. Nxb5 Bd8 30. Nxd6 1-0

[Event "The Elitserien 2024/25: round 1 - 3"]
[Site "Scandic Infra City, Kanalvagen 10, Upplands Vasby, Sweden"]
[Date "2024.10.04"]
[Round "1.7"]
[White "Seiger, Vidar"]
[Black "Olund, Joar"]
[Result "1/2-1/2"]
[TimeControl "90 minutes for 40 moves + 30 minutes for the rest of the game + 30 seconds per move from move one."]
[BlackTitle "FM"]
[WhiteFideId "1756079"]
[BlackFideId "1714848"]
[WhiteElo "2010"]
[BlackElo "2368"]

1. Nf3 d5 2. g3 Nf6 3. Bg2 c6 4. c4 Bf5 5. O-O e6 6. d3 Nbd7 7. Nc3 dxc4 8. dxc4 Bc5 9. b3 Qe7 10.
Bb2 Rd8 11. Qc1 h6 12. Rd1 O-O 13. Na4 Bd6 14. Nd4 Be4 15. Bxe4 Nxe4 16. Qc2 Nef6 17. e3 Ba3 18. Bxa3 Qxa3 19.
c5 Qb4 20. a3 Qa5 21. b4 Qa6 22. Nb2 Ne5 23. a4 Nd5 24. Qb3 b6 25. e4 bxc5 26. exd5 cxd4 27. dxe6 Rd5 28. f4 Ng4 29.
Re1 Ne3 30. exf7+ Rxf7 31. Nd3 Qb7 32. Rac1 c5 33. Qa2 cxb4 34. Nxb4 Qxb4 35. Rxe3 dxe3 36. Qxd5 Qd2 37. Rc8+ Kh7 38.
Qxd2 exd2 39. Rd8 Rb7 40. Rxd2 Rb1+ 41. Kg2 Ra1 42. Rd4 Ra2+ 43. Kh3 a5 44. g4 g5 45. f5 Kg7 46. Kg3 Kf6 47.
Kf3 Ke5 48. Re4+ Kd5 49. Re6 Ra3+ 50. Ke2 Ra2+ 51. Kd3 Rxa4 52. Rxh6 Rxg4 53. Ra6 Rd4+ 54. Ke3 Re4+ 55. Kd3 Rd4+ 56.
Ke3 Re4+ 1/2-1/2

[Event "The Elitserien 2024/25: round 1 - 3"]
[Site "Scandic Infra City, Kanalvagen 10, Upplands Vasby, Sweden"]
[Date "2024.10.04"]
[Round "1.8"]
[White "Tuomainen, Felix"]
[Black "Nygren, Kim"]
[Result "1/2-1/2"]
[TimeControl "90 minutes for 40 moves + 30 minutes for the rest of the game + 30 seconds per move from move one."]
[WhiteTitle "FM"]
[BlackTitle "CM"]
[WhiteFideId "1720813"]
[BlackFideId "1706136"]
[WhiteElo "2247"]
[BlackElo "2155"]

1. d4 Nf6 2. c4 e6 3. Nc3 Bb4 4. a3 Bxc3+ 5. bxc3 b6 6. f3 d5 7. cxd5 exd5 8. e3 O-O 9. Bd3 c5 10.
Ne2 Re8 11. O-O Ba6 12. Re1 Bxd3 13. Qxd3 Nc6 14. Bb2 c4 15. Qd2 Na5 16. Nc1 Re6 17. a4 Qd7 18. Ra2 Rae8 19. Qf2 Nb7 20.
g4 Nd6 21. Ba3 h5 22. h3 hxg4 23. hxg4 Nxg4 24. fxg4 Ne4 25. Qf5 g6 26. Qf1 Rf6 27. Qg2 Ng5 28. Rf2 Rxf2 29. Kxf2 Qxa4 30.
Bb2 Re6 31. Qxd5 Rf6+ 32. Kg2 Qc2+ 33. Re2 Qd1 34. Qxg5 Qf1+ 35. Kh2 Rf2+ 36. Rxf2 Qxf2+ 37. Kh3 Qf3+ 38. Kh2 Qf2+ 39. Kh3 Qf3+ 1/2-1/2

[Event "The Elitserien 2024/25: round 1 - 3"]
[Site "Scandic Infra City, Kanalvagen 10, Upplands Vasby, Sweden"]
[Date "2024.10.04"]
[Round "1.9"]
[White "Danchevski, Orce"]
[Black "Amin, Bassem"]
[Result "0-1"]
[TimeControl "90 minutes for 40 moves + 30 minutes for the rest of the game + 30 seconds per move from move one."]
[WhiteTitle "IM"]
[BlackTitle "GM"]
[WhiteFideId "15000311"]
[BlackFideId "10601457"]
[WhiteElo "2339"]
[BlackElo "2636"]

1. d4 Nf6 2. Nf3 g6 3. Bg5 Bg7 4. Nbd2 O-O 5. e3 d6 6. Be2 h6 7. Bh4 c5 8. c3 b6 9. O-O Bb7 10.
a4 a6 11. Re1 Nbd7 12. Bf1 g5 13. Bg3 Nh5 14. e4 cxd4 15. Nxd4 Nxg3 16. hxg3 e6 17. f4 Rc8 18. N2f3 Nc5 19.
Nd2 gxf4 20. gxf4 Qh4 21. b4 Nd7 22. Qf3 Rc7 23. g3 Qe7 24. Qe3 Rfc8 25. Ra3 Nf6 26. Be2 a5 27. Kf2 Ba6 28.
Bf3 Nd7 29. Rb3 Qf6 30. Kg2 axb4 31. Nb5 Bxb5 0-1

[Event "The Elitserien 2024/25: round 1 - 3"]
[Site "Scandic Infra City, Kanalvagen 10, Upplands Vasby, Sweden"]
[Date "2024.10.04"]
[Round "1.10"]
[White "Grigorov, Grigor"]
[Black "Gdanski, Jacek"]
[Result "1/2-1/2"]
[TimeControl "90 minutes for 40 moves + 30 minutes for the rest of the game + 30 seconds per move from move one."]
[WhiteTitle "GM"]
[BlackTitle "GM"]
[WhiteFideId "2907313"]
[BlackFideId "1100106"]
[WhiteElo "2514"]
[BlackElo "2482"]

1. d4 e6 2. Nf3 d5 3. c4 c6 4. g3 dxc4 5. Bg2 Nd7 6. a4 Bb4+ 7. Bd2 a5 8. Qc2 Nb6 9. O-O Nf6 10.
Bxb4 axb4 11. Nbd2 c3 12. bxc3 bxc3 13. Nb1 O-O 14. Nxc3 Nbd5 15. Ne5 Nd7 16. Nd3 b6 17. Ne4 Ba6 18.
Qxc6 Rc8 19. Qd6 Bxd3 20. exd3 Qc7 21. Qa3 Qa7 22. Rfc1 Rxc1+ 23. Qxc1 Qa6 24. Qc4 Ra8 25. Nc3 N7f6 26.
Nxd5 exd5 27. Bxd5 b5 28. Bxf7+ Kf8 29. Qa2 Qxa4 30. Bb3 Qxa2 31. Rxa2 Rxa2 32. Bxa2 Ke7 33. Kf1 Kd6 34. Ke2 g5 35.
f3 h6 36. Kd2 Nd7 37. Kc3 Nb8 38. f4 gxf4 39. gxf4 Nc6 40. f5 Ke7 41. d5 Ne5 42. Kb4 Nxd3+ 43. Kxb5 Kd6 44. Kc4 Ne5+ 45.
Kd4 Ng4 46. Ke4 Nf6+ 47. Kf4 Nh5+ 48. Kg4 Nf6+ 49. Kf4 1/2-1/2

[Event "The Elitserien 2024/25: round 1 - 3"]
[Site "Scandic Infra City, Kanalvagen 10, Upplands Vasby, Sweden"]
[Date "2024.10.04"]
[Round "1.11"]
[White "Malesevic, Nedeljko"]
[Black "Hellers, Ferdinand"]
[Result "0-1"]
[TimeControl "90 minutes for 40 moves + 30 minutes for the rest of the game + 30 seconds per move from move one."]
[WhiteTitle "FM"]
[BlackTitle "GM"]
[WhiteFideId "1703447"]
[BlackFideId "1700022"]
[WhiteElo "2230"]
[BlackElo "2589"]

1. d4 Nf6 2. c4 g6 3. Nc3 Bg7 4. e4 d6 5. Bd3 O-O 6. Nge2 c5 7. d5 e6 8. dxe6 fxe6 9. O-O Nc6 10.
f4 b6 11. h3 Qe7 12. Be3 Bb7 13. Qd2 Nb4 14. Rae1 Rad8 15. f5 exf5 16. exf5 d5 17. fxg6 Nxd3 18. Qxd3 d4 19. Bg5 dxc3 20.
gxh7+ Nxh7 21. Rxf8+ Nxf8 22. Qg3 Qd6 23. Bxd8 Qxg3 24. Nxg3 cxb2 25. Kf2 Ba6 26. Ne4 Bxc4 27. Bf6 Bxa2 28.
Bxg7 b1=Q 29. Rxb1 Bxb1 30. Bxf8 Kxf8 31. Nc3 Bc2 32. Ke3 Bb3 33. Kd3 a5 34. Nb5 Ke7 35. g4 Be6 36. Nc3 Kd6 37.
Ne4+ Ke5 38. Nc3 c4+ 39. Ke3 Bd7 40. Ne2 b5 41. Nd4 b4 42. g5 a4 43. g6 Kf6 44. Nc2 b3 45. Na3 c3 46.
Kd3 c2 47. Kd2 Bf5 48. Kc1 Bxg6 0-1

[Event "The Elitserien 2024/25: round 1 - 3"]
[Site "Scandic Infra City, Kanalvagen 10, Upplands Vasby, Sweden"]
[Date "2024.10.04"]
[Round "1.12"]
[White "Wedberg, Tom"]
[Black "Lukez, Giamfranko"]
[Result "1-0"]
[TimeControl "90 minutes for 40 moves + 30 minutes for the rest of the game + 30 seconds per move from move one."]
[WhiteTitle "GM"]
[BlackTitle "FM"]
[WhiteFideId "1700073"]
[BlackFideId "1700626"]
[WhiteElo "2373"]
[BlackElo "2281"]

1. e4 g6 2. d4 Bg7 3. Nc3 d6 4. Nf3 Nf6 5. Be2 O-O 6. O-O c5 7. d5 e6 8. h3 exd5 9. exd5 Re8 10.
Re1 Ne4 11. Nxe4 Rxe4 12. Nd2 Re8 13. a4 Nd7 14. a5 Rb8 15. c3 b5 16. axb6 axb6 17. Nc4 Ne5 18. Na3 Ra8 19. Bf4 Bd7 20.
Qd2 Qb8 21. Nb5 Rxa1 22. Rxa1 f5 23. Bf1 Nf7 24. Ra6 Re7 25. Na7 Qb7 26. Nc6 Bxc6 27. dxc6 Qxc6 28. Bc4 Be5 29. Bh6 Bg7 30.
Bg5 Rc7 31. Bd5 Qd7 32. Rxb6 Bf8 33. Bf6 h5 34. Qe3 Kh7 35. Rb8 Bg7 36. Bxg7 Kxg7 37. Re8 Ne5 38. Rg8+ Kh7 39. Rh8+ 1-0

[Event "The Elitserien 2024/25: round 1 - 3"]
[Site "Scandic Infra City, Kanalvagen 10, Upplands Vasby, Sweden"]
[Date "2024.10.04"]
[Round "1.13"]
[White "Vernersson, Per"]
[Black "Cramling, Pia"]
[Result "1/2-1/2"]
[TimeControl "90 minutes for 40 moves + 30 minutes for the rest of the game + 30 seconds per move from move one."]
[BlackTitle "GM"]
[WhiteFideId "1700863"]
[BlackFideId "1700030"]
[WhiteElo "2256"]
[BlackElo "2425"]

1. d4 Nf6 2. c4 e6 3. Nf3 d5 4. Nc3 c6 5. e3 Nbd7 6. Qc2 Bd6 7. Be2 dxc4 8. a4 a5 9. Bxc4 O-O 10.
O-O Qe7 11. Ne4 Nxe4 12. Qxe4 e5 13. dxe5 Nxe5 14. Nxe5 Qxe5 15. Qxe5 Bxe5 16. Rd1 Re8 17. e4 Be6 18. Bxe6 Rxe6 19.
Ra3 Rd6 20. Rxd6 Bxd6 21. Rd3 Bb4 22.
Kf1 Re8 23. Bd2 Bxd2 24. Rxd2 g6 25. f3 Re5 26. Ke2 Rc5 27. Kd3 Rc1 28. b3 Kf8 29. Rc2 Rb1 30. Kc4 Ke7 31. f4 Ke6 32.
g3 h5 33. Rc3 b6 34. Rd3 Rc1+ 35. Rc3 Rd1 36. Rd3 Re1 37. e5 Rc1+ 38. Kd4 f6 39. exf6 Kxf6 40. Ke4 Ke6 41. h3 Re1+ 42.
Kf3 Rf1+ 43. Ke4 Re1+ 44. Kf3 Rf1+ 45. Ke4 Ke5+ 1/2-1/2

[Event "The Elitserien 2024/25: round 1 - 3"]
[Site "Scandic Infra City, Kanalvagen 10, Upplands Vasby, Sweden"]
[Date "2024.10.04"]
[Round "1.14"]
[White "Ostlund, Joar"]
[Black "Rajcevski, Dejan"]
[Result "1-0"]
[TimeControl "90 minutes for 40 moves + 30 minutes for the rest of the game + 30 seconds per move from move one."]
[WhiteTitle "FM"]
[WhiteFideId "1735020"]
[BlackFideId "1759027"]
[WhiteElo "2335"]
[BlackElo "2131"]

1. d4 d5 2. c4 e6 3. Nc3 Nf6 4. cxd5 exd5 5. Bg5 Be7 6. e3 c6 7. Bd3 h6 8. Bh4 Ne4 9. Bxe7 Nxc3 10.
Qc2 Qxe7 11. Qxc3 a5 12. a3 Be6 13. Ne2 Nd7 14. O-O O-O 15. Rae1 Rfc8 16. Nf4 Nf6 17. e4 dxe4 18. Bxe4 Qd6 19.
Nxe6 fxe6 20. Bb1 Rd8 21. Rd1 Rf8 22. h3 b6 23. Rfe1 Rad8 24. Qc2 c5 25. Ba2 Nd5 26. dxc5 bxc5 27.
Re4 Rf6 28. Bb1 Rdf8 29. Rg4 R8f7 30. Qh7+ Kf8 31. Bg6 Rxg6 32. Rxg6 Qf4 33. Qh8+ Ke7 34. Rxg7 Qxf2+ 35. Kh1 Rxg7 36.
Qxg7+ Kd6 37. Qxh6 Qxb2 38. Qf8+ Kc6 39. Qe8+ Kd6 40. Qd8+ Kc6 41. Qc8+ Nc7 42. Qd7+ Kb7 43. Qd3 Kc6 44.
Qe4+ 1-0

[Event "The Elitserien 2024/25: round 1 - 3"]
[Site "Scandic Infra City, Kanalvagen 10, Upplands Vasby, Sweden"]
[Date "2024.10.04"]
[Round "1.15"]
[White "Krantz, Christopher"]
[Black "Bellon Lopez, Juan Manuel"]
[Result "0-1"]
[TimeControl "90 minutes for 40 moves + 30 minutes for the rest of the game + 30 seconds per move from move one."]
[BlackTitle "GM"]
[WhiteFideId "1707876"]
[BlackFideId "2200031"]
[WhiteElo "2225"]
[BlackElo "2266"]

1. d4 Nf6 2. Nf3 c5 3. c3 b6 4. Bg5 Bb7 5. e3 e6 6. Nbd2 Be7 7. Bd3 h6 8. Bh4 d6 9. O-O Nbd7 10.
e4 O-O 11. Re1 g5 12. Bg3 Nh5 13. Nc4 Nxg3 14. hxg3 cxd4 15. cxd4 Rc8 16. Qe2 d5 17. exd5 Bxd5 18. Ne3 Nf6 19.
Nxd5 Qxd5 20. a3 Kg7 21. Rad1 Rc7 22. Bb1 b5 23. Qd2 Nd7 24. Qd3 Rh8 25. Rc1 Rxc1 26. Rxc1 Bf6 27. g4 h5 28.
gxh5 g4 29. Ne5 Nxe5 30. dxe5 Qxe5 31. Rc6 Rxh5 32. Rc1 Qh2+ 0-1

[Event "The Elitserien 2024/25: round 1 - 3"]
[Site "Scandic Infra City, Kanalvagen 10, Upplands Vasby, Sweden"]
[Date "2024.10.04"]
[Round "1.16"]
[White "Cramling, Dan"]
[Black "Thornert, Hakan"]
[Result "1-0"]
[TimeControl "90 minutes for 40 moves + 30 minutes for the rest of the game + 30 seconds per move from move one."]
[WhiteTitle "IM"]
[WhiteFideId "1700162"]
[BlackFideId "1703749"]
[WhiteElo "2317"]
[BlackElo "2163"]

1. d4 Nf6 2. c4 g6 3. Nc3 d5 4. cxd5 Nxd5 5. e4 Nxc3 6. bxc3 Bg7 7. Qa4+ Nd7 8. Nf3 O-O 9. Bg5 c5 10. Rc1 cxd4 11. cxd4 Nf6 12. Bd3 b6 13. O-O Bb7 14. d5 a6 15.
Rfd1 Re8 16. Bf4 Rc8 17. Rxc8 Qxc8 18. Rc1 Qd7 19. Qb3 Nh5 20. Rc7 Qd8 21. Rxb7 Nxf4 22. Bxa6 Qc8 23. h3 Ne2+ 24.
Kh2 Nd4 25. Qxb6 Nxf3+ 26. gxf3 Be5+ 27.
Kg2 Qc1 28. Qe3 Qxe3 29. fxe3 Bd6 30.
f4 f6 31. Kf3 Kf8 32. a4 Ra8 33. Bb5 Ra5 34. Ke2 Ra8 35. h4 h6 36. Bc6 Ra5 37. Bb5 Ra8 38. Kf3 Ra5 39. Kg4 Ra8 40.
h5 gxh5+ 41. Kf5 Rb8 42. Rxb8+ Bxb8 43. a5 Ba7 44. Ke6 h4 45. e5 fxe5 46. fxe5 h3 47. d6 exd6 48. exd6 h2 49.
d7 h1=Q 50. d8=Q+ Kg7 51. Qf6+ Kg8 52. Qf7+ Kh8 53. Qf8+ 1-0

[Event "The Elitserien 2024/25: round 1 - 3"]
[Site "Scandic Infra City, Kanalvagen 10, Upplands Vasby, Sweden"]
[Date "2024.10.04"]
[Round "1.17"]
[White "Cicak, Slavko"]
[Black "Kucuksari, Kaan"]
[Result "1/2-1/2"]
[TimeControl "90 minutes for 40 moves + 30 minutes for the rest of the game + 30 seconds per move from move one."]
[WhiteTitle "GM"]
[BlackTitle "IM"]
[WhiteFideId "1700588"]
[BlackFideId "6380166"]
[WhiteElo "2499"]
[BlackElo "2455"]

1. Nf3 Nf6 2. c4 b6 3. d3 Bb7 4. e4 d6 5. g3 g6 6. Bg2 Bg7 7. O-O Nbd7 8. Nc3 O-O 9. Ng5 e5 10.
f4 c6 11. f5 b5 12. Be3 b4 13. Na4 c5 14. b3 Nb8 15. h3 Nc6 16. g4 Nd4 17. Nf3 Nd7 18. Qd2 gxf5 19. gxf5 Kh8 20.
Kh2 Rg8 21. Rg1 Bf6 22. Bh1 Qe7 23. Nb2 Nb6 24. Raf1 a5 25. Bh6 Bc6 26. Nd1 a4 27. bxa4 Nxa4 28. Rxg8+ Rxg8 29. Rg1 Rxg1 30.
Nxg1 Bh4 31. Nf3 Nxf3+ 32. Bxf3 Qf6 33. Kg2 Qd8 34. Nf2 Nc3 35. Ng4 Qg8 36. Kh1 f6 37. Bd1 Be8 38. Bf3 Bg5 39. Qf2 Bxh6 40. Nxh6 Qg5 41.
Ng4 h5 42. Ne3 Nxa2 43. h4 Qh6 44. Qxa2 Qxe3 45. Kg2 Qxd3 46. Qa8 Qc2+ 47. Kh3 Qa4 48. Qd8 Kg7 49. Qe7+ Bf7 50. Bxh5 Qb3+ 51.
Kh2 Qxc4 52. Bg6 b3 53. h5 b2 54. h6+ Kxh6 55. Qxf6 Qe2+ 56. Kh3 Qf1+ 57. Kh2 Qf4+ 58. Kh3 Qf3+ 59.
Kh2 Qe2+ 60. Kh3 Qd3+ 61. Kh2 Qd2+ 62. Kh3 Qd3+ 63. Kh2 Qd2+ 64. Kh3 Qe3+ 65. Kh2 Qe2+ 1/2-1/2

[Event "The Elitserien 2024/25: round 1 - 3"]
[Site "Scandic Infra City, Kanalvagen 10, Upplands Vasby, Sweden"]
[Date "2024.10.04"]
[Round "1.18"]
[White "Ernst, Sipke"]
[Black "Lyrberg, Patrik"]
[Result "0-1"]
[TimeControl "90 minutes for 40 moves + 30 minutes for the rest of the game + 30 seconds per move from move one."]
[WhiteTitle "GM"]
[BlackTitle "IM"]
[WhiteFideId "1004689"]
[BlackFideId "1701975"]
[WhiteElo "2509"]
[BlackElo "2436"]

1. d4 Nf6 2. c4 e6 3. Nf3 Bb4+ 4. Bd2 Bxd2+ 5. Qxd2 O-O 6. Nc3 d5 7. e3 Ne4 8. Qc2 Nxc3 9. Qxc3 a5 10.
Rc1 c6 11. Bd3 Nd7 12. O-O f5 13. Qc2 Qf6 14. h4 Kh8 15. cxd5 exd5 16. g3 Qe6 17. Ng5 Qg6 18. Nh3 Qe8 19.
Nf4 g6 20. a4 Nf6 21. Rfe1 Kg7 22. f3 Qd8 23. Kg2 Re8 24. Qb3 h6 25. Qc2 Qd6 26. Qc5 Qxc5 27. Rxc5 g5 28. hxg5 hxg5 29.
Nh3 g4 30. Nf2 gxf3+ 31. Kxf3 Bd7 32. Kg2 Re7 33. Rc2 Rae8 34. Rce2 Rg8 35. Rh1 Kf8 36. Rh6 Reg7 37. Nh1 Ke7 38.
Rh4 Ne4 39. Bxe4 fxe4 40. b4 Bg4 41. Rb2 axb4 42. Rxb4 Kd6 43. Rb1 Bf3+ 44. Kh2 Bxh1 45. Kxh1 Kc7 46. g4 Rxg4 47. Rxg4 Rxg4 48.
a5 Kb8 49. Kh2 Ka7 50. Rf1 Ka6 51. Ra1 Rg8 52. Ra3 Rg7 53. Ra2 Rf7 0-1

[Event "The Elitserien 2024/25: round 1 - 3"]
[Site "Scandic Infra City, Kanalvagen 10, Upplands Vasby, Sweden"]
[Date "2024.10.04"]
[Round "1.19"]
[White "Von Bahr, Oskar"]
[Black "Holm, Kristian Stuvik"]
[Result "1/2-1/2"]
[TimeControl "90 minutes for 40 moves + 30 minutes for the rest of the game + 30 seconds per move from move one."]
[WhiteTitle "IM"]
[BlackTitle "IM"]
[WhiteFideId "1703250"]
[BlackFideId "1508083"]
[WhiteElo "2370"]
[BlackElo "2480"]

1. e4 e6 2. d4 d5 3. Nd2 c5 4. exd5 Qxd5 5. Ngf3 cxd4 6. Bc4 Qd6 7. O-O Nf6 8. Nb3 Nc6 9. Nbxd4 Nxd4 10.
Qxd4 Qxd4 11. Nxd4 Bc5 12. Nb3 Bb6 13. a4 a5 14. Be2 Bd7 15. Bf3 Rc8 16. c3 Bc6 17. Bxc6+ Rxc6 18. Be3 Bxe3 19.
fxe3 b6 20. Rfd1 Ke7 21. Nd4 Rc4 22. Rd3 Rd8 23. b3 Rcc8 24. Rad1 Nd7 25. Nf3 Nc5 26. Rxd8 Rxd8 27. Rxd8 Kxd8 28.
Nd2 f5 29. Kf2 g5 30. Ke2 Kc7 31. Kd1 g4 32. Kc2 h5 1/2-1/2

[Event "The Elitserien 2024/25: round 1 - 3"]
[Site "Scandic Infra City, Kanalvagen 10, Upplands Vasby, Sweden"]
[Date "2024.10.04"]
[Round "1.20"]
[White "Pantzar, Milton"]
[Black "Aronsson, Marten"]
[Result "1-0"]
[TimeControl "90 minutes for 40 moves + 30 minutes for the rest of the game + 30 seconds per move from move one."]
[WhiteTitle "IM"]
[BlackTitle "FM"]
[WhiteFideId "1721003"]
[BlackFideId "1724223"]
[WhiteElo "2437"]
[BlackElo "2310"]

1. d4 Nf6 2. c4 e6 3. Nc3 d5 4. cxd5 exd5 5. Bg5 Nbd7 6. e3 c6 7. Bd3 Bd6 8. Nf3 Nf8 9. O-O Ng6 10.
e4 dxe4 11. Nxe4 Be7 12. Nxf6+ Bxf6 13. Re1+ Be6 14. Bxf6 Qxf6 15. d5 cxd5 16. Qa4+ Kf8 17. Qb4+ Qe7 18. Qd4 Qd6 19. Rac1 Ne7 20.
Ng5 Bd7 21. Ne4 Qf4 22. g3 Qg4 23. f3 Qxf3 24. Ng5 Qf6 25. Nxh7+ Rxh7 26. Qxf6 gxf6 27. Bxh7 f5 28. Rc7 Be6 29.
h3 d4 30. g4 fxg4 31. hxg4 Nd5 32. Rxb7 Bxg4 33. Rf1 Ne7 34. Be4 Rd8 35. Bd3 Be6 36. Rxa7 Rd5 37. a4 Nc6 38. Ra8+ Ke7 39.
Be4 Rg5+ 40. Kf2 Ne5 41. Ra7+ Kd6 42. Rd1 Ng4+ 43. Ke2 Re5 44. Kf3 f5 45. Ba8 Rc5 46. Rxd4+ Ke5 47. Rd2 Rc1 48.
Re2+ Kf6 49. Ra6 Ne5+ 50. Kg3 Rd1 51. Bb7 Rd3+ 52. Kf2 Rd8 53. a5 Nd3+ 54. Kf1 Nf4 55. Re1 Kf7 56. Rc6 Rd7 57. a6 Bd5 58. Rc5 1-0